 Dungeon Sprint DCSS version 0.31-a0-940-gdaa99269f9 (webtiles) character file.

Game seed: 5752570613554582032

493 sircluck the Grappler (level 6, -1/72 HPs)
             Began as a Troll Berserker on Oct 20, 2023.
             Was a High Priest of Trog.
             Slain by an orc warrior
             ... wielding a +0 trident
              (13 damage)
             ... in the Dungeon (Sprint VII: "The Pits").
             The game lasted 00:00:31 (196 turns).

sircluck the Grappler (Troll Berserker)              Turns: 196, Time: 00:00:32

Health: -1/72      AC:  4    Str: 28    XL:     6   Next: 92%
Magic:  5/5        EV: 11    Int:  3    God:    Trog [*****.]
Gold:   0          SH:  0    Dex:  9    Spells: 5/5 levels left

rFire   . .          .
                       - Unarmed
rCold   . . .        (no shield)
rNeg    . . .        a - +0 animal skin
rPois   .            (helmet restricted)
rElec   .            (no cloak)
rCorr   .            (gloves unavailable)
SInv    .            (boots unavailable)
Will    .....        (no amulet)
Stlth   +            (no ring)
HPRegen 1.12/turn    (no ring)
MPRegen 0.09/turn

%: no teleportation
@: no status effects
A: large, unfitting armour, claws 3, regeneration 1, shaggy fur 1, tough skin 1
a: Renounce Religion, Berserk, Trog's Hand, Brothers in Arms


You were in the Dungeon.
You worshipped Trog.
Trog was extremely pleased with you.
You visited 1 branch

Inventory:

Armour
 a - a +0 animal skin (worn)
Scrolls
 g - a scroll of blinking
 i - 2 scrolls of vulnerability
 j - a scroll of butterflies
Potions
 b - 6 potions of curing
 c - 6 potions of heal wounds
 d - a potion of haste
 e - 4 potions of magic
 f - 3 potions of berserk rage
 h - 2 potions of invisibility


   Skills:
 + Level 7.7 Fighting
 + Level 7.6 Dodging
 + Level 9.1 Unarmed Combat


You had 5 spell levels left.
You didn't know any spells.
Your spell library was empty.

Dungeon Overview and Level Annotations

Branches:
Dungeon (1/1)

Altars:
Ashenzari
Cheibriados
Dithmenos
Elyvilon
Fedhas
Gozag
Hepliaklqana
Kikubaaqudgha
Makhleb
Nemelex Xobeh
Okawaru
Qazlal
Ru
Sif Muna
Trog
Uskayaw
Vehumet
Wu Jian
Xom
Yredelemnul
Zin
The Shining One
Jiyva
Lugonu


Innate Abilities, Weirdness & Mutations

You are too large for most types of armour.
You have claws for hands.
Your natural rate of healing is unusually fast.
You are covered in fur. (AC +1)
You have tough skin. (AC +1)


Message History

The orc hits you but does no damage.
You mangle the orc!!
You kill the orc!
Trog accepts your kill.
You barely miss the wolf. The wolf closely misses you.
You mangle the wolf!!
The wolf is severely wounded.
The wolf bites you.
The orc warrior hits you from afar with a +0 trident.
The wolf closely misses you.
You claw the wolf!
The wolf is almost dead.
The wolf barely misses you.
The orc warrior hits you from afar with a +0 trident!
You closely miss the wolf.
The wolf is almost dead.
The wolf bites you. The wolf closely misses you.
The orc warrior hits you from afar with a +0 trident.
You scratch the wolf.
You kill the wolf!
Trog accepts your kill.
Trog will now gift you melee weapons as you gain piety.
Your Unarmed Combat skill increases to level 9!
Things that are here:
a +0 whip; a +0 club You see here a bat corpse.
There is an open door here.
The orc warrior attacks as it pursues you!
The orc warrior hits you from afar with a +0 trident!
The orc warrior attacks as it pursues you!
The orc warrior hits you from afar with a +0 trident!
The orc warrior hits you with a +0 trident!
You closely miss the orc warrior.
The orc warrior hits you with a +0 trident!
* * * LOW HITPOINT WARNING * * *
The gnoll sergeant hits you from afar with a +0 trident.
* * * LOW HITPOINT WARNING * * *
You scratch the orc warrior but do no damage.
The orc warrior hits you with a +0 trident!
You die...

############
#_________.#
#_________.#
#_______...###########++
##########'##...........
#.?(.')))'.##......#..#.
##########.##...........
#...g.go@...'...........
#'#####'#####......#..#.
#.#...#†#[[##...........
#.#..)#.#))#####'#####++
#g#...'.#))##.......#
#)##†####))##.......#
#.#.....#..##.......#
#g#.....#'###...<...#
#.#........##.......#


You could see an orc warrior, a gnoll sergeant and a gnoll.

Vanquished Creatures
  A warg (D)
  2 floating eyes (D)
  A wolf (D)
  An iron imp (D)
  3 gnolls (D)
  2 river rats (D)
  An orc (D)
  A bat (D)
  A hobgoblin (D)
  3 jackals (D)
  A quokka skeleton (D)
17 creatures vanquished.

Notes
Turn   | Place    | Note
-------+----------+-------------------------------------------
     0 | D        | sircluck the Troll Berserker began the quest for the Orb.
     0 | D        | Reached XP level 1. HP: 22/22 MP: 0/0
    24 | D        | Found a bloodstained altar of Trog.
    24 | D        | Found a shimmering blue altar of Sif Muna.
    24 | D        | Found a viscous altar of Jiyva.
    24 | D        | Found a hazy altar of Hepliaklqana.
    24 | D        | Found an opulent altar of Gozag.
    25 | D        | Found a glowing golden altar of the Shining One.
    25 | D        | Found a glowing silver altar of Zin.
    25 | D        | Found a basalt altar of Yredelemnul.
    25 | D        | Found a shimmering altar of Xom.
    25 | D        | Found an ornate altar of the Wu Jian Council.
    25 | D        | Found a sacrificial altar of Ru.
    25 | D        | Found a stormy altar of Qazlal.
    25 | D        | Found an iron altar of Okawaru.
    25 | D        | Found a sparkling altar of Nemelex Xobeh.
    25 | D        | Found a burning altar of Makhleb.
    25 | D        | Found a blossoming altar of Fedhas.
    25 | D        | Found a white marble altar of Elyvilon.
    25 | D        | Found a shadowy altar of Dithmenos.
    25 | D        | Found a snail-covered altar of Cheibriados.
    28 | D        | Found a corrupted altar of Lugonu.
    28 | D        | Found a radiant altar of Vehumet.
    29 | D        | Found an ancient bone altar of Kikubaaqudgha.
    29 | D        | Found a hide-covered altar of Uskayaw.
    29 | D        | Found a broken altar of Ashenzari.
    70 | D        | Reached ** piety under Trog
    71 | D        | Reached XP level 2. HP: 31/31 MP: 1/1
    74 | D        | Noticed a floating eye
    77 | D        | Killed a floating eye
    78 | D        | Reached skill level 5 in Fighting
    78 | D        | Reached skill level 5 in Dodging
    78 | D        | Reached skill level 6 in Unarmed Combat
    78 | D        | Reached XP level 3. HP: 38/42 MP: 2/2
    78 | D        | Reached XP level 4. HP: 45/50 MP: 3/3
    86 | D        | Noticed a floating eye
    87 | D        | Noticed a warg
    88 | D        | Paralysed by a floating eye for 3 turns
    95 | D        | Killed a warg
    95 | D        | Reached *** piety under Trog
    96 | D        | Reached skill level 7 in Unarmed Combat
    96 | D        | Reached XP level 5. HP: 52/61 MP: 4/4
    96 | D        | Paralysed by a floating eye for 3 turns
   100 | D        | Killed a floating eye
   101 | D        | Reached skill level 8 in Unarmed Combat
   101 | D        | Reached XP level 6. HP: 67/71 MP: 5/5
   104 | D        | Reached **** piety under Trog
   172 | D        | Noticed an orc warrior
   180 | D        | Reached ***** piety under Trog
   181 | D        | Reached skill level 9 in Unarmed Combat
   196 | D        | Slain by an orc warrior

Illustrated notes

Levels and vault maps discovered:
D:        pitsprint [storerooms_1, entrance_room_1, metal_vault_6, armoury_3,
          mini_pit_1, grid_room_1, main_hall_1, silver_pit, the_coven_1,
          the_vestibule_1, steel_vault_1, golden_pit, hallway_of_sentries,
          crystal_vault_5, iron_vault_2, final_vault]

Skill      XL: |  1  2  3  4  5  6 |
---------------+-------------------+-----
Fighting       | 3 5 6 7 |  7.7
Dodging        | 3 5 6 7 |  7.6
Unarmed Combat | 6 7 8 9 |  9.1

Action                     |  1- 3 |  4- 6 || total
---------------------------+-------+-------++-------
  Melee: Unarmed           |     6 |    33 ||    39
         Punch             |       |     2 ||     2
 Armour: Animal skin       |     2 |    29 ||    31
  Dodge: Dodged            |     3 |    11 ||    14

Table legend: (Time is in decaauts)
 A = Elapsed time spent in this place.
 B = Non-inter-level travel time spent in this place.
 C = Inter-level travel time spent in this place.
 D = Time resting spent in this place.
 E = Time spent auto-exploring this place.
 F = Levels seen in this place.
 G = Mean time per level.
                   A        B        C        D        E       F      G
               +--------+--------+--------+--------+--------+-----+--------+
         Total |    190 |    190 |      0 |      0 |     68 |   1 |  190.0 |
       Dungeon |    190 |    190 |      0 |      0 |     68 |   1 |  190.0 |
               +--------+--------+--------+--------+--------+-----+--------+

Top non-repeatable levels by time:
       D: 190 daAuts
